 Dungeon Crawl Stone Soup version 0.17-a0-1850-g688e747 (webtiles) character file.

936 kae the Lightning Rod (level 7, -24/57 HPs)
             Began as a Minotaur Fighter on Sept 19, 2015.
             Was a Follower of Qazlal.
             Killed from afar by Dowan (26 damage)
             ... with a shard of ice
             ... on level 4 of the Dungeon.
             The game lasted 00:03:07 (3419 turns).

kae the Lightning Rod (Minotaur Fighter)            Turns: 3419, Time: 00:03:08

Health: -24/57     AC:  6    Str: 25    XL:     7   Next: 87%
Magic:  11/11      EV:  6    Int:  7    God:    Qazlal [*.....]
Gold:   151        SH:  9    Dex: 10    Spells: 0 memorised, 6 levels left

rFire  . . .     SeeInvis .     x - +1 whip (freeze)
rCold  . . .     Clarity  .     b - +0 scale mail
rNeg   . . .     SustAt   .     c - +0 shield
rPois  .         Gourm    .     (helmet restricted)
rElec  .         Spirit   .     (no cloak)
rCorr  .         Warding  .     (no gloves)
rMut   .         Stasis   .     (no boots)
MR     .....                    (no amulet)
Stlth  ..........               (no ring)
                                (no ring)

@: mighty, very heavily drained, not resistant to hostile enchantments,
extremely unstealthy
A: retaliatory headbutt, horns 2
a: Renounce Religion


You were on level 4 of the Dungeon.
You worshipped Qazlal.
Qazlal was aware of your devotion.
You were not hungry.

You visited 1 branch of the dungeon, and saw 4 of its levels.

You collected 151 gold pieces.

Inventory:

Hand weapons
 a - a +0 flail
 x - a +1 whip of freezing (weapon)
Armour
 b - a +0 scale mail (worn)
 c - a +0 shield (worn)
Jewellery
 s - a cursed amulet of inaccuracy {unknown}
 u - an uncursed ring of see invisible {unknown}
Magical devices
 p - a wand of teleportation (2)
 v - a wand of frost (32)
Scrolls
 g - a scroll of random uselessness {unknown}
 i - 4 scrolls of identify {unknown}
 k - 2 scrolls of magic mapping {unknown}
 l - a scroll of enchant armour {unknown}
 n - 3 scrolls of recharging {unknown}
 o - 2 scrolls of enchant weapon {unknown}
 w - a scroll of remove curse {unknown}
Potions
 f - 2 potions of lignification {unknown}
 h - a potion of agility {unknown}
 j - 3 potions of curing {unknown}
 m - a potion of poison {unknown}
 q - a potion of degeneration {unknown}
Comestibles
 e - a bread ration
 r - a meat ration
 t - a beef jerky
 z - 3 chunks of flesh


   Skills:
 - Level 3.6(0.3) Fighting
 - Level 6.3(2.8) Maces & Flails
 - Level 3.6(0.3) Armour
 - Level 3.6(0.3) Shields
 + Level 7.5(3.8) Invocations


You had 6 spell levels left.
You didn't know any spells.

Dungeon Overview and Level Annotations

Branches:
Dungeon (4/15)
 Temple: D:4-7

Altars:
Qazlal
Sif Muna

Annotations:
D:4 Dowan


Innate Abilities, Weirdness & Mutations

You reflexively headbutt those who attack you in melee.
You have a pair of horns on your head.


Message History

You are too injured to fight recklessly!
You are too injured to fight recklessly!
You are too injured to fight recklessly!
You are too injured to fight recklessly!
You are too injured to fight recklessly!
Drink which item? (? for menu, Esc to quit)
You feel very mighty all of a sudden.
Duvessa hits you with a rapier of draining!
* * * LOW HITPOINT WARNING * * *
You feel drained.
* * * LOW HITPOINT WARNING * * *
You block Duvessa's attack.
You whack Duvessa! You freeze Duvessa.
You kill Duvessa!
Qazlal accepts your kill.
Dowan seems overcome with grief, but rights himself reflexively soon after.
Dowan seems to find hidden reserves of power!
Dowan points at you and mumbles some strange words.
The shard of ice hits you!
You die...

### ### #.# ####.# #.#
#....# #.#########.##.#
#............#.#
##.############.########
.....# ........@)e.....
##.#.# #######.########
#.#.# #+# #.#.# ##.#.#
...#.# ..##.# .....#+###
..........


You could see Dowan.

Vanquished Creatures
  Pikel (D:4)
  The ghost of zkyp the Conjurer, an average HuWz (D:4)
  Duvessa (D:4)
  2 slaves (D:4)
  A hound (D:4)
  An orc wizard (D:4)
  An orc priest (D:4)
  3 gnolls (D:3)
  4 adders
  An ooze (D:1)
  5 worms
  7 orcs
  10 bats
  5 giant cockroaches
  11 goblins
  6 hobgoblins
  2 jackals (D:2)
  2 ball pythons
  4 giant geckos
  5 giant newts
  12 kobolds
  9 rats
94 creatures vanquished.

Vanquished Creatures (others)
  An orc priest (D:4)
  A quokka (D:4)
2 creatures vanquished.

Grand Total: 96 creatures vanquished

Notes
Turn   | Place    | Note
--------------------------------------------------------------
     0 | D:1      | kae the Minotaur Fighter began the quest for the Orb.
     0 | D:1      | Reached XP level 1. HP: 19/19 MP: 0/0
   339 | D:1      | Reached XP level 2. HP: 26/26 MP: 1/1
   579 | D:1      | Reached skill level 4 in Maces & Flails
   920 | D:2      | Reached XP level 3. HP: 31/31 MP: 2/2
  1359 | D:2      | Reached skill level 5 in Maces & Flails
  1627 | D:2      | Reached XP level 4. HP: 33/39 MP: 3/3
  1965 | D:3      | Noticed an air elemental
  1966 | D:3      | Found a stormy altar of Qazlal.
  1968 | D:3      | Noticed a fire elemental
  2122 | D:3      | Reached skill level 6 in Maces & Flails
  2123 | D:3      | Noticed a water elemental
  2135 | D:3      | Became a worshipper of Qazlal Stormbringer
  2202 | D:3      | Found a deep blue altar of Sif Muna.
  2334 | D:3      | Reached XP level 5. HP: 43/45 MP: 4/4
  2802 | D:4      | Reached skill level 1 in Invocations
  2847 | D:4      | Noticed zkyp's ghost (average HuWz)
  2860 | D:4      | Killed zkyp's ghost
  2860 | D:4      | Reached XP level 6. HP: 24/51 MP: 5/7
  3039 | D:4      | Noticed a slave
  3040 | D:4      | Noticed a slave
  3041 | D:4      | Noticed Pikel
  3041 | D:4      | Noticed a slave
  3043 | D:4      | Noticed a slave
  3083 | D:4      | Killed Pikel
  3083 | D:4      | Reached XP level 7. HP: 26/57 MP: 7/11
  3270 | D:4      | Acquired Qazlal's first power
  3270 | D:4      | Reached skill level 7 in Invocations
  3292 | D:4      | Killed a freed slave
  3308 | D:4      | Killed a freed slave
  3394 | D:4      | Noticed Duvessa
  3394 | D:4      | Noticed Dowan
  3418 | D:4      | HP: 2/57 [Duvessa/rapier of draining (3)]
  3419 | D:4      | Killed Duvessa
  3419 | D:4      | Killed from afar by Dowan

Vault maps used:
D:1:      erik_arrival_cave_to_civilisation
D:3:      nicolae_qazlal_style_of_elements, nicolae_overflow_crystal_walls,
          minmay_goblin_outpost
D:4:      first_bread, uniq_pikel, uniq_duvessa

Action                   |  1- 3 |  4- 6 |  7- 9 || total
-------------------------+-------+-------+-------++-------
Melee: Flail             |   106 |   125 |       ||   231
       Whip              |       |       |    56 ||    56
  Use: Potion            |       |     1 |     1 ||     2
  Eat: Chunk             |     2 |     5 |     1 ||     8
